 Dungeon Crawl Stone Soup version 0.19.0-19-g8c6edcc (webtiles) character file.

110 lorenzova the Ducker (level 4, 0/41 HPs)
             Began as a Minotaur Monk on Nov 14, 2016.
             Succumbed to an orc wizard's poison
             ... on level 5 of the Dungeon.
             The game lasted 00:02:32 (2374 turns).

lorenzova the Ducker (Minotaur Monk)                Turns: 2374, Time: 00:02:33

Health: 0/41       AC:  3    Str: 17    XL:     4   Next: 61%
Magic:  3/3        EV: 11    Int:  7    God:
Gold:   99         SH:  0    Dex: 12    Spells: 0 memorised, 3 levels left

rFire  . . .     SeeInvis +     a - +0 hand axe
rCold  . . .     Gourm    .     b - +0 robe
rNeg   . . .     Faith    .     (no shield)
rPois  .         Spirit   .     (helmet restricted)
rElec  .         Reflect  .     (no cloak)
rCorr  .         Harm     .     f - +0 pair of gloves
MR     .....                    (no boots)
Stlth  ++........               (no amulet)
                                n - ring of see invisible
                                m - -3 ring of evasion (curse)

@: lethally poisoned (0 -> -21), drained
A: retaliatory headbutt, horns 2
a: no special abilities


You were on level 5 of the Dungeon.
You were near starving.

You visited 1 branch of the dungeon, and saw 4 of its levels.

You collected 99 gold pieces.

Inventory:

Hand Weapons
 a - a +0 hand axe (weapon)
Armour
 b - a +0 robe (worn)
 f - a +0 pair of gloves (worn)
Jewellery
 m - a cursed -3 ring of evasion (left hand)
 n - a ring of see invisible (right hand)
 o - an uncursed ring of poison resistance {unknown}
Scrolls
 d - 2 scrolls of amnesia
 p - a scroll of identify
Potions
 e - a potion of curing
 h - 2 potions of berserk rage {unknown}
 k - a potion of invisibility {unknown}
 l - a potion of haste {unknown}
Comestibles
 c - 3 bread rations
 g - a beef jerky
 i - a slice of pizza
 j - 2 meat rations


   Skills:
 + Level 4.7(4.2) Fighting
 - Level 3.6(3.1) Axes
 + Level 2.2(1.8) Armour
 + Level 4.7(4.2) Dodging
 - Level 1.5(1.1) Stealth


You had 3 spell levels left.
You didn't know any spells.

Dungeon Overview and Level Annotations

Branches:
Dungeon (3/15)

Altars:
Ashenzari
Yredelemnul
The Shining One

Shops:
D:5 }


Innate Abilities, Weirdness & Mutations

You reflexively headbutt those who attack you in melee.
You have a pair of horns on your head.


Message History

The orc wizard miscasts a cantrip.
The orc hits you with a hand axe.
* * * LOW HITPOINT WARNING * * *
You are too injured to fight recklessly!
You are too injured to fight recklessly!
Unknown command.
You are too injured to fight recklessly!
Unknown command.
You are too injured to fight recklessly!
Unknown command.
You are too injured to fight recklessly!
* * * LOW HITPOINT WARNING * * *
You feel sick.
The orc wizard hits you but does no damage.
* * * LOW HITPOINT WARNING * * *
You feel sick.
The orc wizard casts a spell.
* * * LOW HITPOINT WARNING * * *
You feel sick.
You die...

#.###.....#
##.###.##..#
#.......#..#
######..#.##
#..#.#
#..#.########
#..#.........
#..##########
#.....@.o..#
#..#######o#
#......#.o..#
#..###<#.#..#
#..# ###.####
#..# . #..#
.# #..# #)
#..# #


You could see an orc wizard and an orc.

Vanquished Creatures
  An orc priest (D:5)
  Natasha (D:2)
  An ooze (D:3)
  A worm (D:2)
  2 leopard geckos
  2 ball pythons (D:2)
  5 bats
  A giant cockroach (D:2)
  6 goblins
  6 hobgoblins
  4 jackals (D:1)
  A quokka (D:3)
  8 kobolds
  7 rats
46 creatures vanquished.

Notes
Turn   | Place    | Note
-------+----------+-------------------------------------------
     0 | D:1      | lorenzova the Minotaur Monk began the quest for the Orb.
     0 | D:1      | Reached XP level 1. HP: 19/19 MP: 0/0
   312 | D:1      | Reached XP level 2. HP: 13/27 MP: 1/1
  1299 | D:2      | Reached skill level 1 in Armour
  1367 | D:2      | Reached XP level 3. HP: 33/33 MP: 2/2
  1495 | D:2      | Noticed Natasha
  1501 | D:2      | Killed Natasha
  1687 | D:2      | Found a shattered altar of Ashenzari.
  1778 | D:2      | Reached XP level 4. HP: 41/41 MP: 3/3
  1814 | D:2      | Found a glowing golden altar of the Shining One.
  2125 | D:2      | Found a basalt altar of Yredelemnul.
  2301 | D:3      | You fall through a shaft for 2 floors!
  2301 | D:5      | Entered Level 5 of the Dungeon
  2310 | D:5      | Found Miujahug's Gadget Shoppe.
  2373 | D:5      | HP: 2/41 [poisoned by an orc wizard]
  2374 | D:5      | Succumbed to an orc wizard's poison

Skill      XL: |  1  2  3  4 |
---------------+-------------+-----
Dodging        | 4 |  4.7
Armour         | 1 2 |  2.2
Fighting       | 4 |  4.7
Axes           | |  3.6
Stealth        | |  1.5

Action                   |  1- 3 |  4- 6 || total
-------------------------+-------+-------++-------
Melee: Hand axe          |    89 |    29 ||   118
       Headbutt          |    20 |     4 ||    24
  Use: Scroll            |     4 |       ||     4
 Stab: Sleeping          |     4 |       ||     4
  Eat: Chunk             |     1 |     2 ||     3
Armor: Robe              |    15 |    12 ||    27
Dodge: Dodged            |    42 |    14 ||    56
